Map: Bel'Shir Vestige LE (Void)

Players

YamatoSC - Winner!

  • Race: Zerg Zerg
  • League: Diamond
  • Spawn Location: 11:00

BFG

  • Race: Protoss Protoss
  • League: Diamond
  • Spawn Location: 5:00

VOD

Have the link to the VOD?

Description

Time

  • Played on: Feb. 14, 2017, 1:20 p.m.
  • Length: 6:48
Show
View Real Time Build Order
Export as new Build Order

YamatoSC Zerg - Winner!

Build Orders: Hatch First 

Get SALT Encoding   

  12  0:03  Drone  
  13  0:13  Overlord  
  13  0:17  Drone  
  14  0:31  Drone x2  
  16  0:49  Hatchery  
  15  0:52  Drone  
  15  0:56  Drone  
  17  1:01  Extractor  
  16  1:10  Drone  
  17  1:15  Spawning Pool  
  16  1:21  Drone  
  17  1:28  Drone  
  18  1:33  Drone  
  19  1:46  Drone  
  20  2:04  Zergling x2  
  20  2:06  Queen, Zergling x4  
  20  2:08  Metabolic Boost  
  26  2:28  Evolution Chamber  
  25  2:33  Zergling x4  
  26  2:39  Hatchery  
  23  2:45  Zergling x2  
  23  3:02  Zergling x4  
  25  3:07  Pneumatized Carapace  
  25  3:09  Zergling x2  
  26  3:19  Overlord x2  
  26  3:35  Overlord  
  26  3:42  Zergling x4  
  28  3:53  Queen, Zergling x6  
  28  3:54  Zergling x2  
  28  3:55  Zergling x2  
  35  4:03  Zergling x2  
  36  4:16  Zergling x6  
  37  4:32  Zergling x4  
  37  4:33  Zergling x4  
  40  4:48  Zergling x6  
  41  4:57  Baneling Nest  
  37  5:08  Zergling x8  
  39  5:31  Zergling x8  
  43  5:43  Zergling x4  
  43  5:47  Zergling x2  
  46  5:53  Baneling x3  
  46  5:54  Baneling x12  
  46  5:55  Zergling x6  
  41  6:24  Zergling x2  
  41  6:25  Zergling x14  
Show
View Real Time Build Order
Export as new Build Order

BFG Protoss 

Build Orders:  

Get SALT Encoding   

  12  0:01  Probe (Chrono Boost)  
  13  0:11  Probe (Chrono Boost)  
  14  0:19  Pylon  
  14  0:23  Probe (Chrono Boost)  
  15  0:38  Probe (Chrono Boost)  
  15  0:42  Forge  
  16  0:48  Probe (Chrono Boost)  
  17  0:59  Assimilator  
  17  1:07  Probe (Chrono Boost)  
  18  1:15  Pylon  
  18  1:16  Pylon  
  18  1:17  Pylon  
  18  1:33  Photon Cannon  
  18  1:37  Pylon  
  18  1:43  Probe (Chrono Boost)  
  19  1:53  Probe (Chrono Boost)  
  20  2:02  Photon Cannon  
  20  2:04  Probe (Chrono Boost)  
  20  2:05  Photon Cannon  
  21  2:13  Photon Cannon  
  21  2:19  Probe (Chrono Boost)  
  22  2:29  Probe (Chrono Boost)  
  23  2:38  Nexus  
  23  2:47  Gateway  
  23  2:53  Pylon  
  23  3:00  Probe (Chrono Boost)  
  23  3:05  Assimilator  
  24  3:09  Assimilator  
  24  3:11  Probe (Chrono Boost)  
  25  3:21  Probe (Chrono Boost)  
  26  3:32  Probe (Chrono Boost)  
  27  3:42  Cybernetics Core  
  27  3:43  Probe (Chrono Boost)  
  27  3:44  Zealot  
  30  3:48  Assimilator  
  30  3:52  Probe (Chrono Boost)  
  30  3:53  Probe (Chrono Boost)  
  31  4:02  Probe (Chrono Boost)  
  29  4:04  Probe (Chrono Boost)  
  30  4:13  Probe (Chrono Boost)  
  31  4:22  Mothership Core (Chrono Boost)  
  30  4:39  Assimilator  
  30  4:51  Probe (Chrono Boost)  
  27  5:02  Probe (Chrono Boost)  
  26  5:12  Probe (Chrono Boost)  
  24  5:20  Stalker  
  26  5:23  Probe (Chrono Boost)  
  27  5:33  Probe (Chrono Boost)  
  28  5:38  Nexus  
  28  5:42  Pylon  
  28  5:44  Probe (Chrono Boost)  
  29  5:54  Probe (Chrono Boost)  
  30  6:00  Stargate  
  30  6:05  Probe (Chrono Boost)  
  30  6:09  Photon Cannon  
  31  6:15  Probe (Chrono Boost)  
  25  6:26  Probe (Chrono Boost)  
  25  6:31  Pylon  
  18  6:35  Pylon  
  18  6:37  Probe (Chrono Boost)  
Tags
 
Add a new tag
Caveats
  • Supply blocks, unpowered buildings, or Contaminate may cause inaccurate times.
  • Supply counts are checked every 10 seconds.